 Dungeon Crawl Stone Soup version 0.20-a0-1066-ga910694 (webtiles) character file.

39 Leonis the Twirler (level 3, 0/40 HPs)
             Began as a Demonspawn Wanderer on Apr 28, 2017.
             Slain by a goblin
             ... wielding a +0 dagger
             ... led by Robin
              (2 damage)
             ... on level 3 of the Dungeon.
             The game lasted 00:05:27 (1376 turns).

Leonis the Twirler (Demonspawn Wanderer)            Turns: 1376, Time: 00:05:27

Health: 0/40       AC: 21    Str: 13    XL:     3   Next: 28%
Magic:  0/3        EV:  2    Int: 13    God:
Gold:   88         SH:  0    Dex: 12    Spells: 2/2 levels left

rFire    . . .     SeeInvis .   a - +2 quarterstaff
rCold    . . .     Gourm    .   (shield currently unavailable)
rNeg     + + +     Faith    .   (armour currently unavailable)
rPois    +         Spirit   +   (helmet currently unavailable)
rElec    .         Reflect  .   (cloak currently unavailable)
rCorr    .         Harm     .   (gloves currently unavailable)
MR       .....     NoTele   +   (boots currently unavailable)
Stlth    ++........             (no amulet)
Regen    0.2/turn               (no ring)
MPRegen  0.1/turn               (no ring)

@: tree-form
A: magic shield
a: no special abilities


You were on level 3 of the Dungeon.
You were very hungry.
You were a tree.
You visited 1 branch of the dungeon, and saw 3 of its levels.

You collected 88 gold pieces.

Inventory:

Hand Weapons
 a - a +2 quarterstaff (weapon)
 e - a +0 dagger
Missiles
 j - 25 poisoned needles
Armour
 d - a +0 robe (melded)
Jewellery
 s - a +3 ring of evasion {unknown}
Scrolls
 c - 2 scrolls of teleportation
 g - a scroll of enchant weapon {unknown}
 i - 2 scrolls of identify {unknown}
 n - 2 scrolls of remove curse {unknown}
 u - a scroll of enchant armour {unknown}
Potions
 h - 2 potions of cancellation {unknown}
 l - a potion of curing {unknown}
 o - 2 potions of berserk rage {unknown}
 p - a potion of agility {unknown}
 q - a potion of magic {unknown}
 r - a potion of degeneration {unknown}
 v - a potion of invisibility {unknown}
Comestibles
 f - 4 bread rations
 k - 2 meat rations
 m - a royal jelly
 t - a fruit


   Skills:
 + Level 2.2 Fighting
 + Level 4.3 Staves
 + Level 1.0 Throwing
 + Level 0.1 Dodging
 + Level 2.1 Stealth
   Level 1.0 Evocations


You had 2 spell levels left.
You didn't know any spells.

Dungeon Overview and Level Annotations

Branches:
Dungeon (3/15)

Altars:
Makhleb
Wu Jian

Annotations:
D:3 Robin


Innate Abilities, Weirdness & Mutations

((You are partially covered in sharp spines.))
When hurt, damage is shared between your health and your magic reserves.


Message History

You kill the goblin!
The goblin hits you with a club.
* * * LOW HITPOINT WARNING * * *
You barely miss the goblin. Robin throws the goblin at you!
The goblin completely misses you. The goblin hits you with a club.
* * * LOW HITPOINT WARNING * * *
You barely miss the goblin.
The goblin hits you but does no damage. x2
You hit the goblin.
You kill the goblin!
Robin throws the goblin at you!
The goblin hits you but does no damage. x2
You thump the goblin!
You kill the goblin!
Robin says, "My goblins will feast on your bones."
The goblin hits you but does no damage.
You closely miss the hobgoblin.
The hobgoblin no longer looks unusually strong.
The hobgoblin hits you.
* * * LOW HITPOINT WARNING * * *
The goblin hits you with a dagger.
You die...

.. #. . #. .#
#. .# # # #.
.## ...#.#.
...#
......[###g..)#
#.g♣ggg..#
#.###g(.## #.
.## #> # ##


You could see Robin, 4 hobgoblins and a goblin.

Vanquished Creatures
  A worm (D:2)
  A ball python (D:1)
  2 giant cockroaches
  13 goblins
  3 hobgoblins
  8 bats
  4 rats (D:1)
32 creatures vanquished.

Notes
Turn   | Place    | Note
-------+----------+-------------------------------------------
     0 | D:1      | Leonis the Demonspawn Wanderer began the quest for the Orb.
     0 | D:1      | Leonis set off with: a +2 quarterstaff, a potion of lignification, a scroll of teleportation, a +0 robe, a +0 dagger, a bread ration
     0 | D:1      | Reached XP level 1. HP: 16/16 MP: 1/1
   110 | D:1      | Reached skill level 4 in Staves
   132 | D:1      | Gained mutation: When hurt, damage is shared between your health and your magic reserves. [demonic ancestry]
   132 | D:1      | Reached XP level 2. HP: 20/22 MP: 2/2
  1073 | D:2      | Found a burning altar of Makhleb.
  1073 | D:2      | Found an ornate altar of the Wu Jian Council.
  1118 | D:2      | Gained mutation: You are partially covered in sharp spines. [demonic ancestry]
  1118 | D:2      | Reached XP level 3. HP: 27/27 MP: 3/3
  1361 | D:3      | Noticed Robin
  1376 | D:3      | HP: 2/40 [hobgoblin[Robin] (5)]
  1376 | D:3      | Slain by a goblin

Vault maps used:
D:1:      lemuel_arrival_muddy
D:2:      gammafunk_temple_overflow_elements, first_bread
D:3:      zin_angel, gup_sewer_entry_bubbles, amethyst_killhole, minivault_11,
          minmay_gold_behind_fungi, minmay_misc_feat_four_crosses, tgw_trog,
          uniq_ijyb, uniq_robin, uniq_terence

Skill      XL: |  1  2 |
---------------+-------+-----
Staves         | 4 |  4.3
Stealth        | 2 |  2.1
Fighting       | |  2.2
Throwing       | |  1.0
Dodging        | |  0.1
Evocations     | |  1.0

Action                   || total
-------------------------++-------
Melee: Quarterstaff      ||    74
  Use: Potion            ||     1
 Stab: Sleeping          ||     3
Armor: Robe              ||    21
       Skin              ||     8
Dodge: Dodged            ||    45
